 Dungeon Crawl Stone Soup version 0.29-a0-284-gf9362112df (webtiles) character file.

Game seed: 6632126545873750482

1988 yunder69 the Skirmisher (level 9, -8/79 HPs)
             Began as a Minotaur Berserker on Mar 27, 2022.
             Was a Believer of Trog.
             Killed from afar by a gargoyle (24 damage)
             ... with a stone arrow
             ... on level 7 of the Dungeon.
             The game lasted 00:18:18 (10521 turns).

yunder69 the Skirmisher (Minotaur Berserker)       Turns: 10521, Time: 00:18:19

Health: -8/79      AC: 13    Str: 24    XL:     9   Next: 1%
Magic:  8/8        EV: 10    Int:  4    God:    Trog [**....]
Gold:   452        SH:  0    Dex: 12    Spells: 8/8 levels left

rFire   . . .      SeeInvis .   g - +9 arbalest of Xysas {vorpal, rC+}
rCold   + . .      Faith    .   (shield currently unavailable)
rNeg    . . .      Spirit   .   y - +0 chain mail
rPois   .          Reflect  .   (helmet restricted)
rElec   .          Harm     .   (no cloak)
rCorr   .          Rampage  .   (no gloves)
Will    .....                   o - +2 pair of boots
Stlth   ..........              (no amulet)
HPRegen 0.23/turn               (no ring)
MPRegen 0.11/turn               (no ring)

@: on berserk cooldown, slowed, very slow
A: horns 2, retaliatory headbutt
a: Renounce Religion, Berserk, Trog's Hand


You were on level 7 of the Dungeon.
You worshipped Trog.
Trog was pleased with you.
You visited 1 branch of the dungeon, and saw 7 of its levels.

You collected 452 gold pieces.

Inventory:

Hand Weapons
 g - the +9 arbalest of Xysas (weapon) {vorpal, rC+}
   (You acquired it on level 5 of the Dungeon)

   Any ammunition fired from it inflicts extra damage upon your enemies.
   rC:        It protects you from cold.
 i - a +0 great sword
 G - a +2 hand axe of electrocution
Missiles
 n - 3 javelins
 s - 4 poisoned darts
 C - 6 boomerangs
Armour
 o - a +2 pair of boots (worn)
 y - a +0 chain mail (worn)
Jewellery
 a - a ring of see invisible
Wands
 p - a wand of polymorph (21)
 q - a wand of mindburst (16)
Scrolls
 c - a scroll of immolation {unknown}
 d - a scroll of magic mapping
 e - a scroll of fog
 j - a scroll of blinking
 m - a scroll of silence
 t - 2 scrolls of identify
 v - 2 scrolls of fear
 w - a scroll of amnesia {unknown}
 x - 3 scrolls of teleportation
 B - a scroll of summoning {unknown}
 E - a scroll of torment {unknown}
Potions
 f - a potion of magic
 h - 2 potions of attraction
 k - 4 potions of lignification
 l - 3 potions of curing
 r - a potion of cancellation
 z - a potion of mutation {unknown}
 A - a potion of might {unknown}
 F - a potion of haste {unknown}
 H - a potion of flight {unknown}


   Skills:
 - Level 7.1 Fighting
 - Level 3.6 Polearms
 + Level 4.9 Crossbows
 - Level 6.2 Armour
 - Level 6.0 Dodging
 * Level 6.7 Unarmed Combat


You had 8 spell levels left.
You didn't know any spells.
Your spell library was empty.

Dungeon Overview and Level Annotations

Branches:
Dungeon (7/15)             Temple (0/1) D:4

Altars:
Ashenzari
Dithmenos
Fedhas
Hepliaklqana
Kikubaaqudgha
Nemelex Xobeh
Okawaru
Sif Muna
Uskayaw
Xom
Zin
The Shining One

Shops:
D:2 !   D:4 *   D:7 ![((


Innate Abilities, Weirdness & Mutations

You have a pair of horns on your head.
You reflexively headbutt those who attack you in melee.


Message History

You barely miss the gargoyle. You headbutt the gargoyle.
The gargoyle is lightly damaged.
The gargoyle hurls a stone arrow at you.
The stone arrow misses you.
The gargoyle hurls a stone arrow at you.
The stone arrow hits you!!
You barely miss the gargoyle.
The gargoyle is lightly damaged.
The gargoyle hits you with a +0 mace. The gargoyle barely misses you.
You furiously retaliate!
You headbutt the gargoyle, but do no damage.
The gargoyle hurls a stone arrow at you.
The stone arrow hits you!!
* * * LOW HITPOINT WARNING * * *
You're still recovering from your berserk rage.
You are too injured to fight recklessly!
You are too injured to fight recklessly!
You clumsily bash the gargoyle but do no damage.
You headbutt the gargoyle, but do no damage.
The gargoyle is lightly damaged.
Your skin stops crawling.
You feel less strong-willed. The gargoyle hits you with a +0 mace.
* * * LOW HITPOINT WARNING * * *
The gargoyle closely misses you.
Shoot: g) +9 arbalest of Xysas {vorpal, rC+}
Press: ? - help, Q - select action, (/) - cycle Shift-Dir - straight line, f - gargoyle
Aim: a gargoyle, wielding a +0 mace (lightly damaged, 81% to hit)
You shoot a bolt. The bolt hits the gargoyle!
The gargoyle is heavily damaged.
The gargoyle barely misses you.
The gargoyle hits you but does no damage. x2
You fade into invisibility!
The gargoyle hits you but does no damage.
The gargoyle hurls a stone arrow at you.
The stone arrow misses you.
You flicker for a moment.
You flicker back into view.
The gargoyle hurls a stone arrow at you.
The stone arrow hits you!!
You die...

#..# #...
#########8.# #...
#.......8⌠.# #...
#..8.......# ##.#
#.##############..
#.# #............
#.####............
#................#
#@####...........#
#..9.......#######
#.##.......#
#.##.....###
#..........#
#.##.#..##.#
#.##..#.##.#### ##
#.............# #.
###......#....# ##


You could see a gargoyle.

Vanquished Creatures
  Grinder (D:5)
  A wraith (D:6)
  A black bear (D:7)
  3 ice beasts (D:7)
  Blork the orc (D:5)
  2 bullfrogs
  2 scorpions
  4 wights (D:5)
  2 jellies
  A gnoll shaman (D:5)
  4 hounds
  3 iguanas
  Ijyb (D:5)
  Terence (D:2)
  2 orc wizards
  Natasha (thrice) (D:2)
  8 gnolls
  13 adders
  A shadow imp (D:6)
  A dart slug (D:4)
  20 orcs
  7 ball pythons
  A bat (D:3)
  7 endoplasms
  2 giant cockroaches (D:1)
  7 goblins
  8 hobgoblins
  11 jackals
  2 kobolds
  A quokka (D:1)
  A frilled lizard (D:1)
  8 rats
130 creatures vanquished.

Vanquished Creatures (others)
  A fungus (D:5)
  4 plants
5 creatures vanquished.

Grand Total: 135 creatures vanquished

Notes
Turn   | Place    | Note
-------+----------+-------------------------------------------
     0 | D:1      | yunder69 the Minotaur Berserker began the quest for the
                  | Orb.
     0 | D:1      | Reached XP level 1. HP: 19/19 MP: 0/0
   371 | D:1      | Found a faded altar of an unknown god.
   606 | D:1      | Reached XP level 2. HP: 26/27 MP: 1/1
   675 | D:1      | Reached skill level 4 in Fighting
  1267 | D:1      | You fall into a shaft and drop 1 floor!
  1353 | D:2      | Found a hide-covered altar of Uskayaw.
  1389 | D:2      | Reached XP level 3. HP: 27/33 MP: 2/2
  1654 | D:2      | Noticed Terence
  1673 | D:2      | Killed Terence
  2129 | D:2      | Reached XP level 4. HP: 39/41 MP: 3/3
  2296 | D:2      | Noticed Natasha
  2307 | D:2      | Killed Natasha
  2775 | D:2      | Found Ysung's Distillery.
  3389 | D:2      | Noticed Natasha
  3404 | D:2      | Killed Natasha
  3405 | D:2      | Reached XP level 5. HP: 27/47 MP: 4/4
  3532 | D:2      | Noticed Natasha
  3547 | D:2      | Killed Natasha
  3548 | D:2      | Reached skill level 5 in Fighting
  3887 | D:3      | Found a shimmering altar of Xom.
  4045 | D:3      | Found a shimmering blue altar of Sif Muna.
  4053 | D:3      | Found a sparkling altar of Nemelex Xobeh.
  4938 | D:4      | Reached XP level 6. HP: 56/56 MP: 5/5
  4968 | D:4      | Reached ** piety under Trog
  5094 | D:4      | Reached skill level 5 in Armour
  5269 | D:4      | Reached skill level 6 in Fighting
  5298 | D:4      | Found a staircase to the Ecumenical Temple.
  5629 | D:4      | Reached skill level 5 in Dodging
  5635 | D:4      | HP: 2/57 [poisoned by a scorpion]
  6091 | D:4      | Found Minihait's Assorted Antiques.
  6098 | D:4      | Reached XP level 7. HP: 62/63 MP: 6/6
  6625 | D:5      | Entered Level 5 of the Dungeon
  6765 | D:5      | Found a broken altar of Ashenzari.
  6769 | D:5      | Saw a vision of the Swamp and the Snake Pit.
  6769 | D:5      | Noticed a naga mage
  6769 | D:5      | Noticed a black mamba
  6769 | D:5      | Noticed a black mamba
  6972 | D:5      | Noticed Blork the orc
  6980 | D:5      | Killed Blork the orc
  7035 | D:5      | Identified a scroll of acquirement
  7035 | D:5      | Acquired the +9 arbalest of Xysas {vorpal, rC+}
  7198 | D:5      | Found a blossoming altar of Fedhas.
  7302 | D:5      | Reached skill level 7 in Fighting
  7307 | D:5      | Reached skill level 1 in Crossbows
  7321 | D:5      | Found an ancient bone altar of Kikubaaqudgha.
  7331 | D:5      | Noticed Ijyb
  7385 | D:5      | Killed Ijyb
  7566 | D:5      | Noticed Grinder
  7575 | D:5      | Killed Grinder
  7576 | D:5      | Reached XP level 8. HP: 63/73 MP: 7/7
  9381 | D:6      | Reached skill level 5 in Unarmed Combat
  9400 | D:6      | Found an iron altar of Okawaru.
  9460 | D:6      | Found a glowing silver altar of Zin.
  9565 | D:6      | Found a hazy altar of Hepliaklqana.
  9570 | D:6      | Found a glowing golden altar of the Shining One.
  9573 | D:6      | Found a shadowy altar of Dithmenos.
  9997 | D:7      | Found Bimig's Weapon Boutique.
  9998 | D:7      | Found Deoruyhi's Antique Weapon Boutique.
 10000 | D:7      | Found Lidapa Guru's Armour Boutique.
 10001 | D:7      | Found Izawkoef's Distillery.
 10497 | D:7      | Reached XP level 9. HP: 79/79 MP: 8/8
 10501 | D:7      | Noticed a gargoyle
 10521 | D:7      | Killed from afar by a gargoyle

Illustrated notes

Levels and vault maps discovered:
D:1:      eino_arrival_water_star, layout_basic,
          hellmonk_ecumenical_altar_crossroads, minmay_pentomino_z2
D:2:      kb_forest_paths, layout_basic, serial_shops, nicolae_diamond_shop,
          basic_altar, minmay_misc_feat_plants, roderic_filled_cross,
          nrook_mini_backslash, hangedman_feature_mirror, uniq_natasha,
          uniq_terence
D:3:      layout_basic, mainiacjoe_overflow_catwalk,
          mainiacjoe_overflow_catwalk_spiral, guppyfry_early_orc_mine
D:4:      layout_basic, temple_pool_b, serial_shops, shop
D:5:      layout_loops_ring, grunt_ashenzari_visionary
          [grunt_ashenzari_visionary_swamp, grunt_ashenzari_visionary_snake],
          fedhas_altar_1, lemuel_doored_altar, hangedman_abyss_or_decor_passed,
          uniq_grinder, uniq_ijyb, uniq_blork_the_orc
D:6:      layout_cave_pools, grunt_temple_overflow_cloverleaf,
          mainiacjoe_overflow_concentric_impassable
D:7:      layout_basic, serial_bayou_lagoon_a, minmay_misc_feat_pillars,
          hangedman_abyss_or_decor_lesser_grid, grunt_decor_fettered,
          chequers_avenue, chequers_decorated_corner, minmay_shop_grid_forest

Skill      XL: |  1  2  3  4  5  6  7  8 |
---------------+-------------------------+-----
Fighting       | 4 5 6 7 |  7.1
Armour         | 3 4 5 6 |  6.2
Dodging        | 3 4 5 6 |  6.0
Crossbows      | 2 4 |  4.9
Unarmed Combat | 2 6 |  6.7
Polearms       | |  3.6

Action                   |  1- 3 |  4- 6 |  7- 9 || total
-------------------------+-------+-------+-------++-------
Melee: Spear             |    72 |       |       ||    72
       Headbutt          |     7 |    34 |    14 ||    55
       Unarmed           |    12 |   153 |    16 ||   181
       Punch             |       |     4 |     1 ||     5
       Trident           |       |    65 |    39 ||   104
       Arbalest          |       |       |    43 ||    43
 Fire: Arbalest          |       |       |    61 ||    61
Invok: Berserk           |     1 |     6 |     4 ||    11
       Trog's Hand       |       |     1 |     3 ||     4
  Use: Potion            |       |     1 |     1 ||     2
       Scroll            |       |       |    16 ||    16
 Stab: Sleeping          |     1 |       |       ||     1
Armor: Ring mail         |     9 |    10 |       ||    19
       Animal skin       |     2 |       |       ||     2
       Scale mail        |       |    45 |    14 ||    59
       Chain mail        |       |       |    22 ||    22
Dodge: Dodged            |    43 |   120 |    71 ||   234

Table legend: (Time is in decaauts)
 A = Elapsed time spent in this place.
 B = Non-inter-level travel time spent in this place.
 C = Inter-level travel time spent in this place.
 D = Time resting spent in this place.
 E = Time spent auto-exploring this place.
 F = Levels seen in this place.
 G = Mean time per level.
                   A        B        C        D        E       F      G
               +--------+--------+--------+--------+--------+-----+--------+
         Total |  10718 |   9292 |   1426 |   3125 |   5073 |   7 | 1531.1 |
       Dungeon |  10718 |   9292 |   1426 |   3125 |   5073 |   7 | 1531.1 |
               +--------+--------+--------+--------+--------+-----+--------+

Top non-repeatable levels by time:
     D:2: 2587 daAuts
     D:5: 2477 daAuts
     D:4: 1718 daAuts
     D:1: 1302 daAuts
     D:3: 1093 daAuts
     D:7: 780 daAuts
     D:6: 757 daAuts
